 Dungeon Crawl Stone Soup version 0.15-a0-187-g0bb430c (webtiles) character file.

10499 PolkaDot the Bewitcher (level 11, -25/68 HPs)
             Began as a Vampire Enchanter on Apr 21, 2014.
             Was an Elder of Ashenzari.
             Annihilated by a minotaur
             ... wielding a +4,+3 demon trident of flaming
              (27 damage)
             ... in a labyrinth.
             The game lasted 01:07:33 (11482 turns).

PolkaDot the Bewitcher (Vampire Enchanter)         Turns: 11482, Time: 01:07:33

HP -25/68        AC 10     Str  7      XL: 11   Next: 34%
MP   0/20        EV 15     Int 17      God: Ashenzari [****..]
Gold 198         SH  8     Dex 17      Spells:  6 memorised,  1 level left

rFire  . . .     SeeInvis +     a - +1,+0 dagger (curse)
rCold  + + +     Clarity  +     v - +1 leather armour {rF+} (curse)
rNeg   + + +     Conserve .     z - +0 buckler
rPois  +         rCorr    .     r - +0 helmet
rElec  .         rRot     +     p - +0 cloak (curse)
SustAb . .       Spirit   .     k - +0 pair of gloves (curse)
rMut   .         Warding  .     B - +0 pair of boots
Saprov . . .     Stasis   .     h - cursed amulet of rage
MR     +....                    l - cursed ring of ice
                                e - cursed +4 ring of evasion

@: non-regenerating, somewhat resistant to hostile enchantments, extraordinarily
stealthy
A: bottle blood, fangs 3, see invisible, unbreathing
a: Bat Form, Bottle Blood, Scrying, Renounce Religion, Evoke Berserk Rage


You were in a labyrinth.
You worshipped Ashenzari.
Ashenzari was greatly pleased with you.
You were bloodless.

You visited 3 branches of the dungeon, and saw 13 of its levels.
You also visited: Labyrinth.

You collected 466 gold pieces.
You spent 268 gold pieces at shops.

Inventory:

Hand weapons
 a - a cursed +1,+0 dagger (weapon)
Armour
 k - a cursed +0 pair of gloves (worn)
 p - a cursed +0 cloak (worn)
 r - a +0 helmet (worn)
 v - a cursed +1 leather armour of fire resistance (worn)
 z - a +0 buckler (worn)
 B - a +0 pair of boots (worn)
Jewellery
 e - a cursed +4 ring of evasion (left hand)
 h - a cursed amulet of rage (around neck)
 l - a cursed ring of ice (right hand)
Books
 E - a book of the Sky

   Spells                             Type                      Level
   Flight                             Charms/Air                   3
   Airstrike                          Air                          4
   Silence                            Hexes/Air                    5
   Deflect Missiles                   Charms/Air                   6
   Conjure Ball Lightning             Conjuration/Air              6
   Tornado                            Air                          9


   Skills:
 - Level 6.7(10.3) Short Blades
 - Level 0.7 Throwing
 * Level 6.9 Armour
 - Level 2.1(3.9) Dodging
 + Level 13.7(15.6) Stealth
 - Level 3.0 Spellcasting
 + Level 15.6(18.5) Hexes


You had one spell level left.
You knew the following spells:

 Your Spells              Type           Power        Failure   Level  Hunger
a - Corona                Hex            ######.      0%          1    None
b - Sure Blade            Hex/Chrm       #####.....   1%          2    ##.....
c - Confuse               Hex            ######..     1%          3    ###....
d - Ensorcelled Hibernat  Hex/Ice        ######       1%          2    ##.....
e - Enslavement           Hex            ######..     1%          4    ####...
s - Dazzling Spray        Conj/Hex       #####...     1%          3    ###....


Dungeon Overview and Level Annotations

Branches:
Dungeon (11/15)            Temple (1/1) D:4            Lair (1/8) D:9
    Orc: D:9-12

Altars:
Ashenzari
Cheibriados
Dithmenos
Elyvilon
Fedhas
Kikubaaqudgha
Makhleb
Nemelex Xobeh
Okawaru
Sif Muna
Trog
Vehumet
Xom
Yredelemnul
Zin
The Shining One

Shops:
D:5 *}=   D:7 (   D:10 [

Annotations:
D:10 exclusions: ice statue and orange crystal statue


Innate Abilities, Weirdness & Mutations

You do not heal naturally.
You can bottle blood from corpses.
You have razor-sharp teeth.*
You have supernaturally acute eyesight.
You can survive without breathing.*


Message History

The spray of energy hits the minotaur.
The minotaur is moderately wounded.
* * * LOW MAGIC WARNING * * *
The minotaur closely misses you. The minotaur gores you!
* * * LOW HITPOINT WARNING * * *
Casting: Dazzling Spray
Confirm with . or Enter, or press ? or * to list all spells.
Aiming: Ensorcelled Hibernation
Press: ? - help, Shift-Dir - straight line, f/p - minotaur
Aim: a minotaur, wielding a +4,+3 demon trident of flaming (moderately wounded)
You feel a surge of power!
The minotaur is unaffected.
* * * LOW MAGIC WARNING * * *
The minotaur hits you with a +4,+3 demon trident of flaming.
* * * LOW HITPOINT WARNING * * *
The minotaur burns you.
* * * LOW HITPOINT WARNING * * *
The minotaur gores you but does no damage.
You aren't carrying any potions.
The minotaur hits you from afar with a +4,+3 demon trident of flaming!
You die...

# ### ## .*
, , .. . .
# **▓## ###
#.####* ,*
, <..
#...#. .# ,
, , *
▓▓▓.#**,#.#
#. ....
#,#. . .# ,
* *#H###.*
# # # * *
,,
#...#.#.#
#,# #@###.#
# ,*,#.# #.
.# , ,
#.#.#.## ,
#.#...# ,
**#.#.*.#*
, ,
,#...#... ,
, #### ## *
,*,* ... ,*
** .# * *


You could see a minotaur.

Vanquished Creatures
  Erolcha (D:10)
  2 hill giants (D:9)
  A flaming corpse (D:10)
  Psyche (D:10)
  A two-headed ogre (D:9)
  2 fire vortices (D:10)
  A trapdoor spider (Lab)
  An ugly thing (D:10)
  10 yaks (D:9)
  3 fire bats (D:10)
  Eustachio (D:10)
  2 hippogriffs
  A soldier ant (D:10)
  Edmund (D:7)
  2 orc warriors (D:9)
  A spider (D:10)
  A sky beast (D:7)
  2 ice beasts
  10 centaurs
  3 ogres
  3 giant frogs
  2 big kobolds
  A brain worm (D:10)
  A boring beetle (D:10)
  A crocodile (D:9)
  Blork the orc (D:9)
  8 killer bees
  A yak zombie (D:10)
  4 jellies (D:5)
  3 scorpions
  A yak skeleton (D:9)
  8 wights (D:9)
  A giant frog zombie (D:5)
  5 crimson imps
  A centaur zombie (D:7)
  A goliath beetle (D:6)
  10 orc priests
  11 orc wizards
  Crazy Yiuf (D:2)
  5 hounds
  2 iguanas
  A worker ant (D:6)
  Ijyb (D:7)
  2 mummies
  6 adders
  An orc skeleton (D:5)
  An orc zombie (D:6)
  A shadow imp (D:6)
  3 giant mites
  2 worms
  An iguana skeleton (D:9)
  2 giant eyeballs
  7 giant geckos
  2 oozes (D:3)
  28 orcs
  17 bats
  6 giant cockroaches
  20 goblins
  21 hobgoblins
  7 jackals
  20 kobolds
  3 quokkas
  3 giant newts
  5 giant spores
  A hobgoblin skeleton (D:7)
  A hobgoblin zombie (D:6)
  A quokka zombie (D:5)
  12 rats
  10 ballistomycetes
  A fungus (D:9)
304 creatures vanquished.

Vanquished Creatures (others)
  A jelly (D:6)
  A ballistomycete (D:9)
  A fungus (D:9)
3 creatures vanquished.

Grand Total: 307 creatures vanquished

Notes
Turn   | Place    | Note
--------------------------------------------------------------
     0 | D:1      | PolkaDot, the Vampire Enchanter, began the quest for the Orb.
     0 | D:1      | Reached XP level 1. HP: 13/13 MP: 3/3
   173 | D:1      | Reached XP level 2. HP: 14/19 MP: 4/4
   177 | D:1      | Learned a level 2 spell: Ensorcelled Hibernation
   758 | D:1      | Reached skill level 5 in Hexes
   763 | D:1      | Reached XP level 3. HP: 20/24 MP: 0/6
  1165 | D:2      | Reached XP level 4. HP: 18/30 MP: 2/7
  1704 | D:2      | Learned a level 3 spell: Confuse
  1710 | D:2      | Noticed Crazy Yiuf
  1716 | D:2      | Killed Crazy Yiuf
  1716 | D:2      | Reached skill level 6 in Hexes
  2305 | D:3      | Reached skill level 5 in Stealth
  2346 | D:3      | Reached XP level 5. HP: 35/35 MP: 5/9
  2470 | D:3      | Reached skill level 7 in Hexes
  2473 | D:3      | Reached XP level 6. HP: 38/41 MP: 1/10
  2667 | D:3      | Reached skill level 8 in Hexes
  3088 | D:4      | Found a staircase to the Ecumenical Temple.
  3114 | Temple   | Entered the Ecumenical Temple
  3162 | Temple   | Became a worshipper of Ashenzari the Shackled
  3305 | D:4      | Reached XP level 7. HP: 44/46 MP: 4/12
  4333 | D:4      | Learned a level 4 spell: Enslavement
  4755 | D:5      | Entered Level 5 of the Dungeon
  4768 | D:5      | Found Offoeph's Gadget Emporium.
  4793 | D:5      | Reached skill level 9 in Hexes
  4836 | D:5      | Got the long sword "Pnatuuwn" {slice, MR++ Str+2 Dex+2}
  4852 | D:5      | Found Ceaqo's Assorted Antiques.
  4867 | D:5      | Bought a scroll of identify for 38 gold pieces
  4867 | D:5      | Bought a scroll of identify for 38 gold pieces
  4867 | D:5      | Bought a runed leather armour for 38 gold pieces
  4867 | D:5      | Bought a scroll labeled FEPIRO CROPH for 19 gold pieces
  4893 | D:5      | Found a glowing golden altar of the Shining One.
  5012 | D:5      | Reached skill level 5 in Short Blades
  5012 | D:5      | Reached skill level 10 in Hexes
  5141 | D:5      | Reached XP level 8. HP: 52/52 MP: 6/13
  5363 | D:5      | Found Xadigyko's Jewellery Shoppe.
  5858 | D:6      | Reached skill level 11 in Hexes
  6335 | D:6      | Reached skill level 12 in Hexes
  6530 | D:7      | Found Pnustry's Weapon Shoppe.
  6679 | D:7      | Found a white marble altar of Elyvilon.
  6730 | D:7      | Reached XP level 9. HP: 57/57 MP: 14/14
  7008 | D:7      | Noticed Ijyb
  7017 | D:7      | Killed Ijyb
  7070 | D:7      | Noticed Edmund
  7075 | D:7      | Killed Edmund
  7075 | D:7      | Reached skill level 10 in Stealth
  7208 | D:8      | Acquired Ashenzari's first power
  7208 | D:8      | Identified the +8,+6 long sword "Pnatuuwn" {slice, MR++ Str+2 Dex+2} (You found it on level 5 of the Dungeon)
  7322 | D:8      | Learned a level 2 spell: Sure Blade
  7359 | D:8      | Reached skill level 13 in Hexes
  7601 | D:8      | Found a sparkling altar of Nemelex Xobeh.
  7784 | D:9      | Reached skill level 14 in Hexes
  7806 | D:9      | Found a staircase to the Lair.
  7812 | D:9      | Reached skill level 1 in Armour
  7827 | D:9      | Reached XP level 10. HP: 63/63 MP: 4/18
  8043 | D:9      | Noticed Blork the orc
  8051 | D:9      | Killed Blork the orc
  8103 | D:9      | Noticed a hill giant
  8204 | D:9      | Learned a level 3 spell: Dazzling Spray
  8263 | D:9      | Killed a hill giant
  8924 | D:9      | Noticed a hill giant
  8962 | D:9      | Killed a hill giant
  9116 | D:9      | Reached skill level 5 in Armour
  9311 | D:9      | Reached skill level 15 in Hexes
  9542 | D:10     | Entered Level 10 of the Dungeon
  9579 | D:10     | Noticed a flaming corpse
  9596 | D:10     | Reached XP level 11. HP: 68/68 MP: 20/20
  9599 | D:10     | Killed a flaming corpse
  9811 | D:10     | Noticed Eustachio
  9824 | D:10     | Killed Eustachio
  9862 | D:10     | Found Zoanu's Antique Armour Shoppe.
  9870 | D:10     | Noticed Erolcha
  9880 | D:10     | Killed Erolcha
  9885 | D:10     | Bought a buckler for 135 gold pieces
  9922 | D:10     | Acquired Ashenzari's second power
 10071 | D:10     | Noticed an ice statue
 10236 | D:10     | Noticed Psyche
 10243 | D:10     | Killed Psyche
 10511 | Lair:1   | Entered Level 1 of the Lair of Beasts
 10551 | Lair:1   | Found a labyrinth entrance.
 10586 | Lab      | Entered a labyrinth
 10651 | Lab      | Found an exit through the horrors of the Abyss.
 10939 | Lab      | Acquired Ashenzari's third power
 11466 | Lab      | Noticed a minotaur
 11481 | Lab      | HP: 3/68 [minotaur/+4,+3 demon trident of flaming (3)]
 11482 | Lab      | Annihilated by a minotaur

Action                   |  1- 3 |  4- 6 |  7- 9 | 10-12 || total
-------------------------+-------+-------+-------+-------++-------
Melee: Dagger            |   100 |    89 |   332 |   281 ||   802
Throw: Dart              |       |       |     5 |     6 ||    11
 Cast: Corona            |     7 |     2 |       |     1 ||    10
       Ensorcelled Hiber |    10 |    42 |    94 |    68 ||   214
       Confuse           |       |       |    14 |    13 ||    27
       Dazzling Spray    |       |       |       |     8 ||     8
Evoke: Wand              |       |       |       |     2 ||     2
  Use: Potion            |     1 |     1 |     3 |     1 ||     6
       Scroll            |       |    14 |    11 |     7 ||    32
 Stab: Sleeping          |    16 |    41 |    88 |    69 ||   214
       Invisible         |       |     4 |       |     2 ||     6
       Distracted        |       |       |     2 |     2 ||     4
       Confused          |       |       |     4 |     9 ||    13
